 Dungeon Crawl Stone Soup version 0.25-a0-1104-g1bb6b8da34 (webtiles) character file.

Game seed: 7958835970754875334, levelgen mode: deterministic

67 Morbidden the Skirmisher (level 4, -1/24 HPs)
             Began as a Vine Stalker Fighter on May 16, 2020.
             Slain by a white imp (4 damage)
             ... summoned by Natasha
             ... on level 2 of the Dungeon.
             The game lasted 00:01:57 (875 turns).

Morbidden the Skirmisher (Vine Stalker Fighter)      Turns: 875, Time: 00:01:58

Health: -1/24      AC:  6    Str: 18    XL:     4   Next: 16%
Magic:  0/6        EV:  7    Int:  8    God:
Gold:   50         SH:  9    Dex: 15    Spells: 5/5 levels left

rFire    . . .     SeeInvis .   a - +0 long sword
rCold    . . .     Gourm    .   c - +0 kite shield
rNeg     . . .     Faith    .   b - +0 scale mail
rPois    .         Spirit   +   (no helmet)
rElec    .         Reflect  .   (no cloak)
rCorr    .         Harm     .   (no gloves)
MR       .....                  (no boots)
Stlth    ..........             (no amulet)
HPRegen  0.48/turn              (no ring)
MPRegen  0.10/turn              (no ring)

@: mighty, lethally poisoned (-1 -> -2)
A: fangs 2, regeneration 1, magic shield, antimagic bite, no potion heal 3, rot
immunity
a: no special abilities


You were on level 2 of the Dungeon.
You were not hungry.

You visited 1 branch of the dungeon, and saw 2 of its levels.

You collected 50 gold pieces.

Inventory:

Hand Weapons
 a - a +0 long sword (weapon)
Missiles
 l - 6 boomerangs (quivered)
 m - 3 javelins
Armour
 b - a +0 scale mail (worn)
 c - a +0 kite shield (worn)
Scrolls
 i - a scroll of enchant armour {unknown}
 k - a scroll of identify {unknown}
 n - a scroll of remove curse {unknown}
Potions
 e - a potion of curing {unknown}
 g - a potion of heal wounds {unknown}
 h - a potion of haste {unknown}
 j - a potion of mutation {unknown}
 p - a potion of cancellation {unknown}
Comestibles
 f - 4 rations
 o - 7 chunks of flesh


   Skills:
 * Level 3.1 Fighting
 * Level 2.8 Long Blades
 + Level 0.1 Throwing
 + Level 2.7 Armour
 + Level 0.1 Dodging
 + Level 2.8 Shields
 * Level 1.0 Spellcasting


You had 5 spell levels left.
You didn't know any spells.
Your spell library was empty.

Dungeon Overview and Level Annotations

Branches:
Dungeon (2/15)

Altars:

Annotations:
D:2 Natasha, Terence


Innate Abilities, Weirdness & Mutations

You have extremely sharp teeth.
Your natural rate of healing is unusually fast.
When hurt, damage is shared between your health and your magic reserves.
Your bite disrupts and absorbs the magic of your enemies.
Potions cannot restore your health.
You are immune to rotting.


Message History

The gnoll hits you but does no damage.
The white imp picks up a beetle and eats it.
You see here a rat corpse.
You barely miss the white imp.
You bite the white imp, but do no damage.
You block the adder's attack. The gnoll hits you.
The gnoll hits you with a +0 flail! The white imp gestures at you.
The puff of frost hits you. The adder bites you.
Unknown command.
Unknown command.
You feel very mighty all of a sudden.
You feel sick. Natasha casts a spell at you. The magic dart hits you.
* * * LOW HITPOINT WARNING * * *
You block the gnoll's attack. The white imp hits you.
* * * LOW HITPOINT WARNING * * *
The white imp freezes you.
You die...

.......##....#####.#.##..#
...........#.....#...###.########
...........÷####...#####.........
.......!.....###......#..........
....).............###.#.#........
#............##.............)..
....?.........##.......##........
.#...>........@hg5..#...#########
..............##@##>..#......#
###..........5gSg##....#####.#
.............#####.....#
##....>.......g......)#.####.#
..#.!........####....÷)......
#....<.......###...#...####
...........)......###.....
.........##......######## ......#
####...<...###


You could see Terence, Natasha, 3 gnolls, an adder, a white imp (summoned) and a
shadow imp (summoned).

Vanquished Creatures
  Natasha (D:2)
  A gnoll (D:1)
  A dart slug (D:1)
  9 goblins
  4 hobgoblins
  2 jackals (D:1)
  3 kobolds
  2 ball pythons
  A bat (D:1)
  A frilled lizard (D:1)
  2 rats
27 creatures vanquished.

Notes
Turn   | Place    | Note
-------+----------+-------------------------------------------
     0 | D:1      | Morbidden the Vine Stalker Fighter began the quest for the
                  | Orb.
     0 | D:1      | Reached XP level 1. HP: 11/11 MP: 2/2
    81 | D:1      | Reached XP level 2. HP: 11/16 MP: 3/3
   418 | D:1      | Reached skill level 3 in Fighting
   423 | D:1      | Reached XP level 3. HP: 7/20 MP: 4/4
   804 | D:2      | Noticed Natasha
   807 | D:2      | Killed Natasha
   807 | D:2      | Reached skill level 1 in Spellcasting
   807 | D:2      | Gained mutation: Your natural rate of healing is unusually
                  | fast. [Vine Stalker growth]
   807 | D:2      | Reached XP level 4. HP: 22/24 MP: 4/6
   853 | D:2      | Noticed Natasha
   853 | D:2      | Noticed Terence
   875 | D:2      | Slain by a white imp

Illustrated notes

Levels and vault maps discovered:
D:1:      dpeg_arrival_fog, layout_basic
D:2:      layout_rooms, minmay_tetromino_i4, uniq_crazy_yiuf_cottage,
          uniq_natasha, uniq_terence

Skill      XL: |  1  2  3 |
---------------+----------+-----
Long Blades    | 2 |  2.8
Fighting       | 3 |  3.1
Spellcasting   | 1 |  1.0
Throwing       | |  0.1
Armour         | |  2.7
Dodging        | |  0.1
Shields        | |  2.8

Action                   |  1- 3 |  4- 6 || total
-------------------------+-------+-------++-------
Melee: Long sword        |    58 |    12 ||    70
       Bite              |    22 |     5 ||    27
Throw: Javelin           |     4 |       ||     4
       Boomerang         |     5 |     1 ||     6
  Use: Potion            |       |     1 ||     1
Armor: Scale mail        |    41 |    11 ||    52
Dodge: Dodged            |    30 |    10 ||    40
Block: Kite shield       |    40 |    13 ||    53
       Rpst.: Long sword |     9 |     2 ||    11

Table legend:
 A = Non-vault XP
 B = Vault XP
 C = Vault XP percentage of total XP
 D = Non-vault monster count
 E = Vault monster count
 F = Vault count percentage of total count
                 A         B        C        D         E       F
            +---------+---------+-------+---------+---------+-------
      Total |      61 |      35 |  36.5 |      26 |       1 |   3.7
            +---------+---------+-------+---------+---------+-------
        D:1 |      46 |       0 |   0.0 |      18 |       0 |   0.0
        D:2 |      15 |      35 |  70.0 |       8 |       1 |  11.1
            +---------+---------+-------+---------+---------+-------
